 Dungeon Crawl Stone Soup version 0.20.1-1-g8b1a95d (webtiles) character file.

63 Irenicus the Insei (level 4, -1/31 HPs)
             Began as an Octopode Chaos Knight on Oct 17, 2017.
             Hit by a stone thrown by a kobold (3 damage)
             ... on level 2 of the Dungeon.
             The game lasted 00:02:03 (1008 turns).

Irenicus the Insei (Octopode Chaos Knight)          Turns: 1008, Time: 00:02:04

Health: -1/31      AC:  1    Str: 11      XL:     4   Next: 10%
Magic:  4/4        EV: 13    Int: 13 (14) God:    Xom [.*....]
Gold:   94         SH:  0    Dex: 12      Spells: 3/3 levels left

rFire    . . .     SeeInvis .     - Unarmed
rCold    . . .     Gourm    .   (no shield)
rNeg     . . .     Faith    .   (helmet restricted)
rPois    .         Spirit   .   (no amulet)
rElec    .         Reflect  .   b - ring of wizardry
rCorr    .         Harm     .   (no ring)
MR       .....     Rnd*Rage +   (no ring)
Stlth    ++........             (no ring)
Regen    0.1/turn               (no ring)
MPRegen  0.1/turn               (no ring)
                                (no ring)
                                (no ring)

@: no status effects
A: almost no armour, stealthy swim, amphibious, 8 rings, constrict 8, camouflage
1, berserk 1, deterioration 1, gelatinous body 1
a: Renounce Religion


You were on level 2 of the Dungeon.
You worshipped Xom.
You were a plaything of Xom.
You were not hungry.

You visited 1 branch of the dungeon, and saw 2 of its levels.

You collected 94 gold pieces.

Inventory:

Jewellery
 b - a ring of wizardry (left tentacle)
 l - an uncursed amulet of regeneration {unknown}
Scrolls
 d - a scroll of teleportation {unknown}
 e - a scroll of recharging {unknown}
 f - a scroll of magic mapping {unknown}
 h - a scroll of noise {unknown}
 k - a scroll of immolation {unknown}
Potions
 c - 2 potions of haste {unknown}
 g - 2 potions of cancellation {unknown}
 i - a potion of might {unknown}
Comestibles
 a - 3 bread rations
 j - a royal jelly


   Skills:
 - Level 3.0 Fighting
 - Level 2.3 Dodging
 + Level 4.8 Unarmed Combat


You had 3 spell levels left.
You didn't know any spells.

Dungeon Overview and Level Annotations

Branches:
Dungeon (2/15)

Altars:
Vehumet


Innate Abilities, Weirdness & Mutations

You cannot wear most types of armour.
You are very stealthy in the water. (Stealth+)
You are amphibious.
You can wear up to eight rings at the same time.
You can use your tentacles to constrict eight enemies at once.
Your skin changes colour to match your surroundings (Stealth+).
Your rubbery body absorbs attacks. (AC +1, EV +1)
You tend to lose your temper in combat.
Your body sometimes deteriorates upon taking damage.


Message History

Natasha is almost dead.
You constrict Natasha. Natasha claws you.
Your body deteriorates!
You feel dopey. The kobold hits you.
* * * LOW HITPOINT WARNING * * *
You tentacle-slap Natasha.
You kill Natasha!
Natasha screams in pain as she dies!
You feel your intelligence returning.
You have reached level 4!
The kobold closely misses you.
You tentacle-slap the rat. Your grab misses the rat. You squeeze the rat.
You kill the rat!
The kobold throws a stone.
The stone hits you.
* * * LOW HITPOINT WARNING * * *
The kobold hits you.
* * * LOW HITPOINT WARNING * * *
The kobold throws a stone.
The stone hits you.
You die...
Xom yawns loudly!

####### ...... ..... ....
## .K.... #.##.#.#
#†K#.#.# #(.#.#.#
######## #.@#.#.#
##......## #....#.######
##....)...###...........#
#..........###........$.#
#..........# #..........#
#..........# #.#.†?$#####
#..........###.....## #
#..†[..............#
.###.........#...#.#).#


You could see 2 kobolds.

Vanquished Creatures
  Natasha (D:2)
  An adder (D:2)
  2 worms (D:2)
  A leopard gecko (D:2)
  A giant cockroach (D:1)
  4 hobgoblins (D:1)
  A quokka (D:2)
  4 bats (D:1)
  4 goblins
  2 kobolds (D:1)
  2 rats
23 creatures vanquished.

Vanquished Creatures (others)
  An adder (D:2)
1 creature vanquished.

Grand Total: 24 creatures vanquished

Notes
Turn   | Place    | Note
-------+----------+-------------------------------------------
     0 | D:1      | Irenicus the Octopode Chaos Knight began the quest for the Orb.
     0 | D:1      | Reached XP level 1. HP: 16/16 MP: 1/1
    60 | D:1      | XOM: harmless Air miscast
   270 | D:1      | Reached XP level 2. HP: 15/21 MP: 2/2
   592 | D:1      | XOM: give mutations
   592 | D:1      | Gained mutation: Your body sometimes deteriorates upon taking damage. [Xom's mischief]
   592 | D:1      | Gained mutation: You tend to lose your temper in combat. [Xom's mischief]
   769 | D:2      | XOM: smoke on damage
   816 | D:2      | Reached skill level 4 in Unarmed Combat
   931 | D:2      | XOM: harmless Pois miscast
   940 | D:2      | Reached XP level 3. HP: 14/26 MP: 3/3
   952 | D:2      | Found a radiant altar of Vehumet.
   987 | D:2      | Noticed Natasha
   989 | D:2      | XOM: swap monsters
  1006 | D:2      | Killed Natasha
  1006 | D:2      | Reached XP level 4. HP: 8/31 MP: 4/4
  1008 | D:2      | Hit by a stone thrown by a kobold

Skill      XL: |  1  2 |
---------------+-------+-----
Unarmed Combat | 4 |  4.8
Fighting       | |  3.0
Dodging        | |  2.3

Action                   |  1- 3 |  4- 6 || total
-------------------------+-------+-------++-------
Melee: Unarmed           |    54 |     1 ||    55
       Constrict         |    17 |       ||    17
       Punch             |     3 |       ||     3
       Tentacles         |     6 |     1 ||     7
 Stab: Sleeping          |     6 |       ||     6
Armor: Skin              |     1 |       ||     1
Dodge: Dodged            |    36 |     1 ||    37
